 Dungeon Crawl Stone Soup version 0.28-a0-477-g0b43c73ce0 (webtiles) character file.

Game seed: 3361242481089487258

553542 DungeonMaster the Spry (level 25, -35/192 HPs)
             Began as a Demonspawn Wanderer on Sept 17, 2021.
             Was an Initiate of Gozag.
             Killed from afar by an ancient lich (83 damage)
             ... with a crystal spear
             ... on level 5 of the Vaults.
             The game lasted 03:49:53 (68090 turns).

DungeonMaster the Spry (Demonspawn Wanderer)       Turns: 68090, Time: 03:49:53

Health: -35/192    AC: 50    Str: 12    XL:     25   Next: 62%
Magic:  32/32      EV:  9    Int: 16    God:    Gozag
Gold:   2839       SH: 40    Dex: 30    Spells: 24/24 levels left

rFire   + . .      SeeInvis +   a - +9 broad axe (flame)
rCold   + + +      Faith    .   G - +5 tower shield of Dapy {rElec rC+ Dex+5}
rNeg    + . .      Spirit   .   c - +6 gold dragon scales
rPois   +          Reflect  +   A - +2 helmet {SInv}
rElec   +          Harm     .   K - +2 cloak {rPois}
rCorr   .          Rampage  .   (gloves unavailable)
Will    +....                   e - +0 pair of boots of the Earth {Regen+ MP+9 Dex-2 Stlth+}
Stlth   ..........              q - amulet of reflection
HPRegen 1.42/turn               h - ring "Ulidgh" {rPois AC+4 Str-2 Slay+5}
MPRegen 0.23/turn               r - ring "Gyicien" {rN+ Dex+6}

@: corroded, gold aura, slowed, studying Conjurations, very slow
A: claws 3, icy blue scales 3, demonic guardian 3, icemail 2, condensation
shield, corrupting presence 2
}: 2/15 runes: decaying, serpentine
a: Renounce Religion, Potion Petition, Call Merchant, Bribe Branch


You were on level 5 of the Vaults.
You worshipped Gozag.
Gozag was most pleased with you.
You visited 10 branches of the dungeon, and saw 48 of its levels.
You visited the Abyss 3 times.

You collected 25795 gold pieces.
You spent 8600 gold pieces at shops.
You paid 14356 gold pieces to Gozag.

Inventory:

Hand Weapons
 a - a +9 broad axe of flaming (weapon)
 d - a +5 antimagic broad axe
 s - a +9 broad axe of freezing
Missiles
 m - 10 javelins
 p - 3 throwing nets
 x - 12 silver boomerangs
 F - 5 curare-tipped darts
 H - 86 boomerangs (quivered)
Armour
 c - +6 gold dragon scales (worn)
 e - the +0 pair of boots of the Earth (worn) {Regen+ MP+9 Dex-2 Stlth+}
   (You bought it in a shop on level 15 of the Dungeon)

   Dex:       It affects your dexterity (-2).
   MP:        It affects your magic capacity (+9).
   Regen:     It increases your rate of health regeneration.
   Stlth:     It makes you more stealthy.
 A - a +2 helmet of see invisible (worn)
 G - the +5 tower shield of Dapy (worn) {rElec rC+ Dex+5}
   (You bought it in a shop on level 15 of the Dungeon)

   Dex:       It affects your dexterity (+5).
   rC:        It protects you from cold.
   rElec:     It insulates you from electricity.
 K - a +2 cloak of poison resistance (worn)
Jewellery
 h - the ring "Ulidgh" (left claw) {rPois AC+4 Str-2 Slay+5}
   (You took it off a deep elf zephyrmancer on level 3 of the Elven Halls)

   [ring of protection]

   AC:        It affects your AC (+4).
   Str:       It affects your strength (-2).
   Slay:      It affects your accuracy & damage with ranged weapons and melee
   (+5).
   rPois:     It protects you from poison.
 q - an amulet of reflection (around neck)
 r - the ring "Gyicien" (right claw) {rN+ Dex+6}
   (You bought it in a shop on level 12 of the Dungeon)

   [ring of positive energy]

   Dex:       It affects your dexterity (+6).
   rN:        It protects you from negative energy.
 I - the amulet of Vitality {Regen+ HP+15}
   (You found it on level 3 of the Elven Halls)

   [amulet of regeneration]

   HP:        It affects your health (+15).
   Regen:     It increases your rate of health regeneration.
Wands
 w - a wand of mindburst (7)
 L - a wand of digging (13)
 M - a wand of charming (31)
 P - a wand of iceblast (26)
 R - a wand of acid (29)
Scrolls
 j - a scroll of amnesia
 v - 5 scrolls of immolation
 C - 3 scrolls of blinking
 E - 10 scrolls of magic mapping
 O - 3 scrolls of summoning
 Q - 4 scrolls of teleportation
 U - a scroll of fog
 V - 3 scrolls of fear
Potions
 g - 2 potions of resistance
 i - a potion of heal wounds
 t - 20 potions of curing
 z - 2 potions of ambrosia
 N - 4 potions of berserk rage
 Z - 2 potions of cancellation
Miscellaneous
 b - a condenser vane (inert)
 k - a box of beasts
 y - a phial of floods
 B - a tin of tremorstones (2/2)
 D - a phantom mirror
 S - a lightning rod (4/4)


   Skills:
 - Level 14.5 Fighting
 - Level 2.6 Long Blades
 - Level 18.0 Axes
 - Level 12.1 Slings
 - Level 1.0(7.9) Throwing
 * Level 20.1 Armour
 * Level 20.3 Dodging
 * Level 19.9 Shields
 - Level 1.1 Necromancy
 - Level 1.7 Fire Magic
 - Level 10.0 Evocations


You had 24 spell levels left.
You didn't know any spells.
Your spell library contained the following spells:

 Spells                   Type           Power      Damage    Failure   Level
 Animate Skeleton         Necr           6%         N/A       100%        1
 Apportation              Tloc           0%         N/A       100%        1
 Beastly Appendage        Tmut           0%         N/A       100%        1
 Foxfire                  Conj/Fire      8%         2x1d4     100%        1
 Pain                     Necr           12%        1d4       100%        1
 Summon Small Mammal      Summ           0%         N/A       100%        1
 Call Imp                 Summ           0%         N/A       100%        2
 Ensorcelled Hibernation  Hex/Ice        0%         N/A       100%        2
 Poisonous Vapours        Pois/Air       0%         N/A       100%        2
 Wereblood                Tmut           0%         N/A       100%        2
 Conjure Flame            Conj/Fire      2%         6-21      100%        3
 Frozen Ramparts          Ice            0%         1d2       100%        3
 Gell's Gravitas          Tloc           0%         N/A       100%        3
 Ignite Poison            Fire/Tmut/Pois 1%         N/A       100%        3
 Inner Flame              Hex/Fire       2%         N/A       100%        3
 Mephitic Cloud           Conj/Pois/Air  0%         N/A       100%        3
 Ozocubu's Armour         Ice            0%         N/A       100%        3
 Spider Form              Tmut/Pois      0%         N/A       100%        3
 Summon Guardian Golem    Hex/Summ       0%         N/A       100%        3
 Teleport Other           Tloc           0%         N/A       100%        3
 Vampiric Draining        Necr           1%         2d6       100%        3
 Animate Dead             Necr           1%         N/A       100%        4
 Cause Fear               Hex            0%         N/A       100%        4
 Flame Wave               Conj/Fire      2%         3d3       100%        4
 Ice Form                 Ice/Tmut       0%         N/A       100%        4
 Iskenderun's Mystic Bla  Conj/Tloc      0%         2d3       100%        4
 Leda's Liquefaction      Hex/Erth       0%         N/A       100%        4
 Olgreb's Toxic Radiance  Pois           0%         N/A       100%        4
 Passage of Golubria      Tloc           N/A        N/A       100%        4
 Sticky Flame             Conj/Fire      2%         2d3       100%        4
 Summon Ice Beast         Ice/Summ       0%         N/A       100%        4
 Summon Lightning Spire   Summ/Air       0%         N/A       100%        4
 Alistair's Intoxication  Tmut/Pois      0%         N/A       100%        5
 Borgnjor's Vile Clutch   Necr/Erth      0%         N/A       100%        5
 Fireball                 Conj/Fire      1%         3d3       100%        5
 Freezing Cloud           Conj/Ice/Air   0%         6-21      100%        5
 Iskenderun's Battlesphe  Conj           0%         2d6       100%        5
 Lee's Rapid Deconstruct  Erth           0%         3d5*      100%        5
 Silence                  Hex/Air        0%         N/A       100%        5
 Summon Mana Viper        Hex/Summ       0%         N/A       100%        5
 Conjure Ball Lightning   Conj/Air       0%         3x3d6     100%        6
 Death Channel            Necr           1%         N/A       100%        6
 Dispersal                Tloc           0%         N/A       100%        6
 Invisibility             Hex            0%         N/A       100%        6
 Simulacrum               Ice/Necr       0%         N/A       100%        6
 Statue Form              Tmut/Erth      0%         N/A       100%        6
 Dragon Form              Tmut           0%         N/A       100%        7
 Haunt                    Necr/Summ      0%         N/A       100%        7
 Malign Gateway           Summ/Tloc      0%         N/A       100%        7
 Monstrous Menagerie      Summ           0%         N/A       100%        7
 Orb of Destruction       Conj           0%         N/A       100%        7
 Ozocubu's Refrigeration  Ice            0%         4d5       100%        7
 Spellforged Servitor     Conj/Summ      0%         N/A       100%        7
 Storm Form               Tmut/Air       0%         N/A       100%        7
 Disjunction              Tloc           0%         N/A       100%        8
 Ignition                 Fire           2%         3d3       100%        8
 Lehudib's Crystal Spear  Conj/Erth      0%         10d2      100%        8
 Maxwell's Capacitive Co  Air            0%         ∞         100%        8
 Dragon's Call            Summ           0%         N/A       100%        9
 Polar Vortex             Ice            0%         N/A       100%        9


Dungeon Overview and Level Annotations

Branches:
Dungeon (15/15)            Temple (1/1) D:6            Lair (6/6) D:9
  Swamp (4/4) Lair:4        Snake (4/4) Lair:4        Slime (0/5) Lair:6
    Orc (2/2) D:12            Elf (3/3) Orc:2        Vaults (5/5) D:13
  Crypt (3/3) Vaults:2       Tomb (0/3) Crypt:3      Depths (5/5) D:15
    Zot (0/5) Depths:5

Altars:
Ashenzari
Cheibriados
Dithmenos
Elyvilon
Gozag
Hepliaklqana
Kikubaaqudgha
Nemelex Xobeh
Okawaru
Qazlal
Ru
Sif Muna
Trog
Uskayaw
Vehumet
Wu Jian
Xom
Yredelemnul
Zin
The Shining One
Jiyva
Lugonu

Shops:
D:3 *   D:12 =   D:15 [=[[([(:[   Orc:2 :(!=!   Elf:1 ?   Elf:2 (   Vaults:1 =
Vaults:4 =   Depths:3 =:=

Portals:
Hell: Depths:1 Depths:2 Depths:3 Depths:4 Depths:5
Abyss: Depths:1 Depths:4
Pandemonium: Orc:2 Depths:1 Depths:3
Ziggurat: Depths:2

Annotations:
D:4 2 runed translucent doors, Musti's ghost, amateur MiFi
D:11 2 transporters
D:12 1 runed translucent door
Lair:6 3 runed translucent doors, exclusion: oklob plant, Dabor's ghost, journeyman DrCj; Lybbagupt's ghost, journeyman SpEn
Swamp:4 Bai Suzhen
Elf:2 1 runed translucent door, exclusion: door
Depths:1 2 transporters, exclusions: obsidian statue and orange crystal statue, Onnuy's ghost, veteran DsBe; TZer0's ghost, adept MiBe


Innate Abilities, Weirdness & Mutations

You have claws for hands.
You are completely covered in icy blue scales. (AC +4, rC+)
A powerful demonic guardian rushes to your aid.
A meltable icy envelope protects you from harm. (AC +8)
A meltable shield of frost defends you. (SH +4)
Your presence sometimes corrodes or deforms those you injure.


Message History

The titan seems less brilliant.
The ancient lich is engulfed in blazing flames.
The ancient lich is distracted by your dazzling golden aura.
The titan is engulfed in blazing flames.
The vault warden is engulfed in blazing flames.
The titan is engulfed in blazing flames.
The deep troll is engulfed in blazing flames.
The deep troll is distracted by your dazzling golden aura.
An ancient lich comes into view.
The ancient lich is engulfed in blazing flames.
The ancient lich shouts!
The deep troll shouts!
You hit the ancient lich.
The ancient lich is no longer distracted by gold.
The ancient lich is moderately damaged.
You hit the vault warden. You burn the vault warden.
You hear an angry buzzing noise.
The vault warden seems less brilliant.
The vault warden is engulfed in blazing flames.
The vault warden is distracted by your dazzling golden aura.
The titan is engulfed in blazing flames.
The ancient lich is engulfed in blazing flames.
The ancient lich casts a spell at you. The bolt of acid hits you!!
* * * LOW HITPOINT WARNING * * *
The acid corrodes you!
The vault warden is engulfed in blazing flames.
The deep troll is engulfed in blazing flames.
You kill the deep troll!
The titan is engulfed in blazing flames.
The vault warden is engulfed in blazing flames.
The vault warden shouts!
You slash the ancient lich! You burn the ancient lich.
The ancient lich is heavily damaged.
Your gold dragon scales prevents you from hitting the vault warden.
The vault warden is no longer distracted by gold.
The titan is no longer distracted by gold.
The ancient lich points at you and mumbles some strange words.
The crystal spear hits you!!!!
You die...
Your body crumbles into a pile of gold.

$ #..# #..#
#..# #..#
#..# #..#
#..# #§@#
#pL# #§C#
#Cp# #§§# .
#§§# ...
#§L#$$ ...#
#..#####T...#
#..#.....T...


You could see 2 titans, 2 ancient liches and 2 vault wardens.

Vanquished Creatures
  A dread lich (Abyss:2)
  An ancient lich (Vaults:4)
  A juggernaut (Depths:4)
  A royal mummy (Crypt:3)
  Margery (Vaults:3)
  Xtahua (Crypt:3)
  Saint Roka (Snake:4)
  Nikola (Depths:3)
  5 golden dragons
  3 caustic shrikes
  Jory (Depths:3)
  2 bone dragons (Depths:5)
  Mlioglotl (Snake:3)
  Asterion (Elf:2)
  6 liches
  A tentacled monstrosity (Depths:3)
  Rupert (Lair:4)
  2 deep elf blademasters (Elf:3)
  3 deep elf master archers (Elf:3)
  3 titans
  3 quicksilver dragons
  Frances (D:13)
  4 sphinxes
  An Executioner (Abyss:3)
  The ghost of FIQ the Spry, an adept DjCj of Xom (Elf:2)
  Gastronok (D:8)
  4 shadow dragons
  A tentacled starspawn (Abyss:3)
  2 storm dragons
  A thorn hunter (Swamp:4)
  3 tengu reavers
  A storm dragon (shapeshifter) (Depths:5)
  10 nagarajas
  A revenant (Crypt:2)
  8 fire giants
  4 frost giants
  5 vault wardens
  A draconian scorcher (Depths:5)
  2 iron dragons (Depths:4)
  3 orc warlords
  Aizul (Snake:3)
  11 deep elf sorcerers
  A cacodemon (Abyss:3)
  A curse skull (Crypt:1)
  2 draconian shifters (Depths:5)
  Louise (D:15)
  10 ghouls
  8 war gargoyles
  3 deep elf elementalists
  A spriggan defender (Depths:2)
  11 ironbound preservers
  2 reapers (Crypt:2)
  2 caustic shrike skeletons
  28 very ugly things
  20 stone giants
  3 green draconians (Depths:5)
  2 black draconians (Depths:5)
  9 deep elf demonologists
  Nessos (Lair:6)
  An entropy weaver (Vaults:1)
  2 bunyips
  6 vampire knights
  8 spark wasps
  A yellow draconian (Depths:5)
  2 eleionomae
  7 deep elf annihilators
  5 deep elf death magi
  Snorg (D:10)
  A merfolk impaler (Elf:2)
  5 eidola
  11 jiangshi
  10 ettins
  A crystal guardian (Abyss:3)
  7 great orbs of eyes
  5 mummy priests (Crypt:3)
  11 fire dragons
  10 deep elf high priests
  10 yaktaur captains
  3 rakshasas
  9 ice dragons
  13 naga warriors
  4 ironbound thunderhulks (Vaults:3)
  27 vault guards
  23 hydras
  A fenstrider witch zombie (Crypt:1)
  A salamander tyrant (Snake:2)
  5 peacekeepers
  2 ghost crabs (Swamp:3)
  12 centaur warriors
  2 boulder beetles (Lair:6)
  9 spriggan air magi
  A merfolk avatar (Lair:6)
  8 anacondas
  An ogre mage (Vaults:5)
  9 two-headed ogres
  6 death knights
  8 ironbound frosthearts
  6 death yaks
  9 alligators
  8 deep troll shamans
  7 vampire magi
  9 naga sharpshooters
  6 ironbound beastmasters
  6 deep troll earth magi
  5 orc high priests (Orc:2)
  6 tengu warriors
  7 shock serpents
  Sonja (D:10)
  2 thrashing horrors (Abyss:3)
  3 spriggan berserkers
  14 large abominations
  A titan zombie (Crypt:1)
  4 hell knights
  A soul eater (Crypt:3)
  14 deep elf knights
  4 sixfirhies
  2 sun demons
  6 iron trolls
  A storm dragon zombie (Crypt:2)
  28 skeletal warriors
  3 salamander mystics
  A wretched star (Abyss:3)
  3 shadow wraiths
  A fire crab (shapeshifter) (D:14)
  44 deep trolls
  4 goliath frogs
  An anaconda zombie (Crypt:1)
  2 spriggan druids (Swamp:4)
  5 glowing orange brains
  7 flayed ghosts
  An infernal demonspawn (Orc:2)
  12 bog bodies
  2 sea snakes (Lair:6)
  10 wizards
  2 gelid demonspawn (Orc:2)
  A spatial maelstrom (Abyss:2)
  9 swamp dragons (Swamp:4)
  11 deep elf archers
  A torturous demonspawn (Orc:2)
  4 naga ritualists
  An anaconda skeleton (Abyss:2)
  12 lindwurms
  6 starcursed masses
  16 phantasmal warriors
  4 harpies (Vaults:2)
  23 deep elf zephyrmancers
  2 tengu zombies
  A shadow dragon zombie (Depths:3)
  6 mana vipers
  13 ironbound convokers
  2 sphinx zombies (Depths:2)
  2 iron dragon zombies (Crypt:3)
  14 orc knights
  7 necromancers
  9 orc sorcerers
  A golden dragon skeleton (Crypt:1)
  3 will-o-the-wisps
  4 cyclopes
  A cyclops (shapeshifter) (Vaults:3)
  20 deep elf pyromancers
  A shining eye (shapeshifter) (Vaults:3)
  A fire giant zombie (Depths:3)
  42 ugly things
  A wolf spider (D:15)
  15 salamanders
  2 tengu skeletons (Depths:3)
  4 manticores
  14 elephants
  36 black mambas
  A fire giant skeleton (Depths:3)
  A frost giant skeleton (Depths:3)
  A guardian serpent (shapeshifter) (Vaults:5)
  2 spriggan zombies (Crypt:1)
  11 vault sentinels
  20 naga magi
  10 guardian serpents
  A torpor snail (Lair:6)
  4 smoke demons
  7 cane toads
  A pale draconian zombie (Crypt:2)
  A minotaur zombie (Crypt:1)
  3 gargoyles
  A hellion (Abyss:2)
  An unseen horror (D:13)
  3 rime drakes
  A black draconian skeleton (Crypt:3)
  3 freezing wraiths
  A spriggan skeleton (Depths:3)
  3 tengu conjurers
  25 yaktaurs
  An ice devil (Orc:2)
  11 komodo dragons
  26 guardian mummies (Crypt:3)
  3 hellwings
  2 ancient zymes
  A white draconian skeleton (Crypt:2)
  2 jumping spiders (Vaults:1)
  9 polar bears
  6 tyrant leeches
  8 trolls
  4 raiju (Abyss:2)
  A dream sheep (shapeshifter) (D:15)
  11 hornets
  12 dream sheep
  36 slime creatures
  A satyr zombie (Crypt:2)
  An ice dragon zombie (Crypt:1)
  An ice dragon skeleton (Crypt:1)
  A water elemental (Elf:3)
  3 elf simulacra
  A redback (Vaults:1)
  8 blink frogs
  10 spriggans
  8 wraiths
  2 ynoxinuls
  2 centaur simulacra
  3 fire elementals
  A tarantella (Vaults:1)
  6 wyverns
  2 shadows
  An air elemental (Elf:3)
  24 yaks
  A human (shapeshifter) (Elf:1)
  A neqoxec (Orc:2)
  7 ushabtiu (Crypt:3)
  2 chaos spawn (Orc:2)
  4 steam dragons
  4 basilisks
  5 vampire mosquitoes
  10 swamp worms
  6 wargs
  5 floating eyes
  58 nagas
  15 water moccasins
  A floating eye (shapeshifter) (Abyss:2)
  2 hell hounds (Lair:2)
  A merfolk skeleton (Crypt:2)
  40 orc warriors
  11 black bears
  10 necrophages
  An ettin simulacrum (Vaults:3)
  A swamp dragon zombie (Crypt:1)
  10 swamp drakes
  10 wolves
  17 ogres
  12 centaurs
  2 phantoms
  A hog skeleton (Crypt:1)
  4 kobold brigands
  An elf zombie (Crypt:3)
  An earth elemental (Elf:1)
  A yaktaur zombie (Crypt:1)
  13 bullfrogs
  3 gnoll sergeants
  2 scorpions
  5 small abominations
  A water moccasin skeleton (D:5)
  A killer bee (shapeshifter) (Vaults:4)
  4 wights
  A howler monkey (D:9)
  2 electric eels
  A hound (shapeshifter) (Depths:2)
  2 centaur zombies
  A quasit (Abyss:2)
  6 jellies
  34 orc priests
  2 hounds (D:6)
  2 iguanas
  22 orc wizards
  2 killer bee zombies
  A naga zombie (Crypt:2)
  An acid dragon skeleton (Crypt:2)
  A demigod skeleton (Crypt:1)
  A hound zombie (D:5)
  A hound skeleton (D:4)
  11 mummies (Crypt:3)
  A howler monkey zombie (D:9)
  Robin (D:4)
  11 gnolls
  A steam dragon zombie (Crypt:2)
  12 adders
  A swamp drake skeleton (Crypt:2)
  2 ufetubi
  2 dart slugs
  2 worms
  86 orcs
  2 bats
  A bat zombie (Crypt:3)
  6 endoplasms
  7 giant cockroaches
  20 goblins
  6 hobgoblins
  14 kobolds
  2 quokkas (D:3)
  9 ball pythons
  A dart slug zombie (Crypt:3)
  5 frilled lizards
  A frilled lizard zombie (Crypt:1)
  A hobgoblin skeleton (Crypt:3)
  A kobold zombie (Crypt:2)
  An orc skeleton (Crypt:1)
  5 rats
  A lurking horror (Abyss:3)
  A starspawn tentacle (Abyss:3)
1872 creatures vanquished.

Vanquished Creatures (collateral kills)
  A golden dragon (Vaults:3)
  A lich (Depths:2)
  A frost giant (Depths:5)
  2 ghouls (Swamp:3)
  A war gargoyle (Vaults:1)
  A very ugly thing (Depths:2)
  2 ironbound preservers
  An ettin (shapeshifter) (Depths:4)
  A crystal guardian (Vaults:2)
  A yaktaur captain (Vaults:1)
  3 naga warriors
  2 hydras
  2 ice dragons
  A centaur warrior (D:14)
  A ghost crab (Swamp:3)
  A dancing weapon (Elf:3)
  An alligator (Swamp:2)
  A vampire mage (Crypt:3)
  A deep troll earth mage (Depths:3)
  A naga sharpshooter (Snake:1)
  A flayed ghost (Depths:5)
  5 deep trolls
  2 lindwurms (Vaults:1)
  A harpy (Lair:6)
  2 wizards (Vaults:3)
  A deep elf pyromancer (Elf:1)
  A necromancer (Vaults:3)
  2 deep elf zephyrmancers
  An orc sorcerer (Orc:2)
  3 ugly things
  2 salamanders
  3 naga magi
  3 elephants
  A vault sentinel (Vaults:4)
  2 black mambas
  A torpor snail (Lair:6)
  A cane toad (shapeshifter) (Abyss:3)
  A cane toad (Lair:6)
  A yaktaur (Vaults:3)
  2 guardian mummies (Crypt:3)
  2 trolls
  2 polar bears
  3 slime creatures
  2 snapping turtles (Lair:6)
  A wraith (Crypt:3)
  An ushabti (Crypt:3)
  3 wargs
  2 nagas
  2 orc warriors (Orc:2)
  2 wolves
  A centaur (D:14)
  A hound (D:6)
  An orc priest (Orc:2)
  A gnoll shaman (D:6)
  2 orc wizards
  2 gnolls
  3 orcs
93 creatures vanquished.

Vanquished Creatures (others)
  An eldritch tentacle (Elf:2)
  A fire giant (Depths:3)
  A frost giant (Depths:3)
  A deep elf sorcerer (Elf:3)
  A deep elf annihilator (Elf:3)
  A deep elf death mage (Elf:3)
  A hydra (Swamp:3)
  A rakshasa (Depths:2)
  23 dancing weapons
  4 deep elf knights
  A bog body (Swamp:3)
  A deep elf zephyrmancer (Elf:2)
  A black mamba (Snake:3)
  A bloated husk (Swamp:3)
  A yak (Lair:3)
  A naga (Snake:2)
  A swamp worm (Swamp:3)
  A swamp drake (Swamp:2)
  2 orc warriors
  An orc priest (Snake:4)
  2 orc wizards
  2 orcs
  6 briar patches (Swamp:4)
  A bush (Lair:5)
  42 foxfires
  49 fungi
  76 plants
  6 starspawn tentacles (Abyss:3)
230 creatures vanquished.

Grand Total: 2195 creatures vanquished

Notes
Turn   | Place    | Note
-------+----------+-------------------------------------------
     0 | D:1      | DungeonMaster the Demonspawn Wanderer began the quest for
                  | the Orb.
     0 | D:1      | DungeonMaster set off with the following items: a +2
                  | falchion, a scroll of teleportation, a +0 robe; and the
                  | following spell memorised: Pain; and the following spells
                  | available to memorise: Vampiric Draining
     0 | D:1      | Reached XP level 1. HP: 15/15 MP: 1/1
   250 | D:1      | Gained mutation: A meltable shield of frost defends you.
                  | (SH +4) [demonic ancestry]
   250 | D:1      | Reached XP level 2. HP: 19/22 MP: 2/2
   716 | D:1      | Found a faded altar of an unknown god.
   954 | D:1      | Gained mutation: You are partially covered in icy blue
                  | scales. (AC +2) [demonic ancestry]
   954 | D:1      | Reached XP level 3. HP: 25/27 MP: 3/3
  1471 | D:2      | Reached skill level 1 in Armour
  1471 | D:2      | Gained mutation: You have sharp fingernails. [demonic
                  | ancestry]
  1471 | D:2      | Reached XP level 4. HP: 33/34 MP: 4/4
  1855 | D:3      | Found Muatin's Assorted Antiques.
  2351 | D:3      | Noticed an ice beast
  2363 | D:3      | Reached XP level 5. HP: 27/41 MP: 5/5
  3129 | D:4      | Noticed a phantom
  3141 | D:4      | Killed a phantom
  3156 | D:4      | Found a runed translucent door.
  3163 | D:4      | Noticed Musti's ghost (amateur MiFi)
  3178 | D:4      | Found a sacrificial altar of Ru.
  3187 | D:4      | Gained mutation: A weak demonic guardian rushes to your
                  | aid. [demonic ancestry]
  3187 | D:4      | Reached XP level 6. HP: 46/48 MP: 6/6
  3234 | D:4      | Found a runed translucent door.
  3276 | D:4      | Noticed Robin
  3292 | D:4      | Killed Robin
  3402 | D:4      | Found a bloodstained altar of Trog.
  3587 | D:5      | Entered Level 5 of the Dungeon
  4073 | D:5      | Reached XP level 7. HP: 16/55 MP: 7/7
  4115 | D:5      | Identified the +3 rapier of Incongruity {holy, *Noise Fly
                  | rElec Stlth+}
  4829 | D:6      | Noticed a hornet
  4840 | D:6      | Killed a hornet
  4841 | D:6      | Reached skill level 5 in Fighting
  4841 | D:6      | Reached skill level 1 in Shields
  4883 | D:6      | Reached XP level 8. HP: 41/62 MP: 8/8
  4996 | D:6      | Found a staircase to the Ecumenical Temple.
  5013 | D:6      | HP: 1/63 [gnoll (6)]
  5018 | D:6      | Reached skill level 5 in Dodging
  5473 | D:6      | Found a hazy altar of Hepliaklqana.
  5941 | D:7      | Reached skill level 5 in Armour
  6606 | D:7      | Gained mutation: You have very sharp fingernails. [demonic
                  | ancestry]
  6606 | D:7      | Reached XP level 9. HP: 71/71 MP: 9/9
  6925 | D:8      | Noticed Gastronok
  7024 | D:8      | Killed Gastronok
  7025 | D:8      | Reached skill level 5 in Shields
  7383 | D:8      | Identified the +7 flail of the Immovable Tables {venom,
                  | Str+2 Dex+4}
  7587 | D:8      | Reached XP level 10. HP: 80/80 MP: 10/10
  8182 | D:9      | Found a staircase to the Lair.
  8507 | D:9      | Noticed a two-headed ogre
  8530 | D:9      | Killed a two-headed ogre
  9239 | D:10     | Entered Level 10 of the Dungeon
  9365 | D:10     | Noticed Sonja
  9383 | D:10     | Killed Sonja
  9499 | D:10     | Noticed a gargoyle
  9518 | D:10     | Killed a gargoyle
  9683 | D:10     | Noticed a gargoyle
  9691 | D:10     | Killed a gargoyle
  9750 | D:10     | Noticed Snorg
  9762 | D:10     | Killed Snorg
  9763 | D:10     | Gained mutation: You are mostly covered in icy blue scales.
                  | (AC +3) [demonic ancestry]
  9763 | D:10     | Reached XP level 11. HP: 79/89 MP: 11/11
  9999 | D:10     | Found a viscous altar of Jiyva.
 10421 | D:11     | Noticed an orc high priest
 10421 | D:11     | Noticed a fire crab
 10546 | Temple   | Entered the Ecumenical Temple
 10649 | Temple   | Became a worshipper of Gozag Ym Sagoz the Greedy
 11114 | D:11     | Noticed a two-headed ogre
 11126 | D:11     | Killed a two-headed ogre
 11162 | D:11     | Found a transporter.
 11189 | D:11     | Found a transporter.
 12082 | D:12     | Noticed a cyan ugly thing
 12096 | D:12     | Killed a cyan ugly thing
 12828 | D:12     | Reached skill level 10 in Fighting
 13188 | D:12     | Found a runed translucent door.
 13189 | D:12     | Noticed a fire crab
 13343 | D:12     | Found a staircase to the Orcish Mines.
 13343 | D:12     | Noticed a cyan ugly thing
 13358 | D:12     | Killed a cyan ugly thing
 13397 | D:12     | Reached XP level 12. HP: 65/97 MP: 12/12
 13659 | D:12     | Noticed an eight-headed hydra
 13696 | D:12     | Killed an eight-headed hydra
 14223 | D:3      | Bought a bound lead ring for 120 gold pieces
 14223 | D:3      | Identified the ring "Deitemi" {rPois rF- Will++} (You
                  | bought it in a shop on level 3 of the Dungeon)
 14223 | D:3      | Bought a potion of curing for 72 gold pieces
 14223 | D:3      | Bought a scroll labelled BOBE UBIRI for 24 gold pieces
 14224 | D:3      | Acquired a +2 scale mail of cold resistance
 14725 | D:13     | Noticed a tengu warrior
 14739 | D:13     | Noticed a tengu warrior
 14744 | D:13     | Killed a tengu warrior
 14832 | D:13     | Killed a tengu warrior
 14971 | D:13     | Found a gate to the Vaults.
 14971 | D:13     | Noticed a vault guard
 14986 | D:13     | Killed a vault guard
 15121 | D:13     | Noticed a two-headed ogre
 15128 | D:13     | Killed a two-headed ogre
 15129 | D:13     | Reached skill level 10 in Dodging
 15227 | D:13     | Noticed a tengu warrior
 15241 | D:13     | Killed a tengu warrior
 15273 | D:13     | Noticed a tengu warrior
 15286 | D:13     | Killed a tengu warrior
 15455 | D:13     | Noticed Frances
 15471 | D:13     | Killed Frances
 15472 | D:13     | Reached skill level 10 in Armour
 17373 | D:14     | Gained mutation: A demonic guardian rushes to your aid.
                  | [demonic ancestry]
 17373 | D:14     | Reached XP level 13. HP: 87/106 MP: 13/13
 18706 | D:15     | Entered Level 15 of the Dungeon
 18706 | D:15     | Noticed a fire giant
 18722 | D:14     | HP: 3/106 [fire giant (5)]
 18723 | D:14     | Killed a fire giant
 19032 | D:15     | Reached skill level 10 in Shields
 19074 | D:15     | Noticed Louise
 19082 | D:15     | Cast into level 2 of the Abyss (Louise)
 19097 | D:15     | Escaped the Abyss
 19112 | D:15     | Killed Louise
 19607 | D:15     | Found a staircase to the Depths.
 20388 | Orc:1    | Entered Level 1 of the Orcish Mines
 20596 | Orc:1    | Paralysed by an orc sorcerer for 2 turns
 20873 | Orc:1    | Paralysed by an orc sorcerer for 6 turns
 22125 | Orc:2    | Entered Level 2 of the Orcish Mines
 22284 | Orc:2    | Reached XP level 14. HP: 116/116 MP: 14/14
 22599 | Orc:2    | Noticed an orc warlord
 22764 | Orc:1    | Killed an orc warlord
 23149 | Orc:2    | Found Dibyurerph's Self-Improvement Boutique.
 23460 | Orc:2    | Found a staircase to the Elven Halls.
 24709 | Orc:2    | Found Amats's Distillery.
 24716 | Orc:2    | Found Ruzxy's Distillery.
 24952 | Orc:2    | Bought a potion of degeneration for 13 gold pieces
 25214 | Orc:2    | Gained mutation: You are dopey. (Int -2) [a neqoxec]
 25947 | Orc:2    | Paralysed by an orc sorcerer for 2 turns
 25970 | Orc:2    | Paralysed by an orc sorcerer for 6 turns
 26595 | Orc:2    | Found Dimeorhy's Jewellery Shoppe.
 26595 | Orc:2    | Found Saotz's Antique Weapon Emporium.
 26596 | Orc:2    | Found a one-way gate leading to the halls of Pandemonium.
 26701 | Orc:2    | Bought a potion of haste for 130 gold pieces
 26701 | Orc:2    | Bought a potion of curing for 39 gold pieces
 26701 | Orc:2    | Bought a potion of curing for 39 gold pieces
 26701 | Orc:2    | Bought a potion of curing for 39 gold pieces
 26703 | Orc:2    | Bought a potion of heal wounds for 70 gold pieces
 26703 | Orc:2    | Bought a potion of might for 56 gold pieces
 26858 | D:15     | Bought a transparent tower shield for 323 gold pieces
 26858 | D:15     | Identified the +5 tower shield of Dapy {rElec rC+ Dex+5}
                  | (You bought it in a shop on level 15 of the Dungeon)
 26858 | D:15     | Bought a runed cloak for 255 gold pieces
 27022 | D:12     | Bought the ring "Dataez" {rCorr Str+4 Slay+2} for 700 gold
                  | pieces
 27164 | Lair:1   | Entered Level 1 of the Lair of Beasts
 27941 | Lair:1   | Identified the ring of Res Nullius {rCorr MP+9 SInv}
 28326 | Lair:2   | Found a dark tunnel.
 29383 | Lair:3   | Gained mutation: A meltable icy envelope protects you from
                  | harm. (AC +8) [demonic ancestry]
 29383 | Lair:3   | Reached XP level 15. HP: 111/124 MP: 15/15
 29811 | Lair:3   | Found a frozen archway.
 30852 | Lair:4   | Found a staircase to the Snake Pit.
 31052 | Lair:4   | Noticed Rupert
 31075 | Lair:4   | Killed Rupert
 31399 | Lair:4   | Found a staircase to the Swamp.
 33026 | Lair:6   | Entered Level 6 of the Lair of Beasts
 33070 | Lair:6   | Noticed Nessos
 33076 | Lair:6   | Killed Nessos
 33596 | Lair:6   | Found a runed translucent gate.
 33938 | Lair:6   | Gained mutation: You have claws for hands. [demonic
                  | ancestry]
 33938 | Lair:6   | Reached XP level 16. HP: 111/134 MP: 16/16
 34022 | Lair:6   | Found a staircase to the Slime Pits.
 34195 | Lair:6   | Found a runed translucent gate.
 34196 | Lair:6   | Found a runed translucent gate.
 34197 | Lair:6   | Noticed Dabor's ghost (journeyman DrCj)
 34197 | Lair:6   | Noticed Lybbagupt's ghost (journeyman SpEn)
 34762 | D:15     | Bought a +2 helmet of intelligence for 301 gold pieces
 35105 | Swamp:1  | Entered Level 1 of the Swamp
 35195 | Swamp:1  | Reached skill level 1 in Slings
 35941 | Swamp:2  | Reached skill level 5 in Slings
 37484 | Swamp:2  | Reached skill level 10 in Slings
 37789 | Swamp:3  | Identified the +1 leather armour of Tadekh {rC++ Will-
                  | Regen+ Stlth+}
 37821 | Swamp:4  | Entered Level 4 of the Swamp
 38240 | Swamp:4  | Noticed a thorn hunter
 38255 | Swamp:4  | Killed a thorn hunter
 38263 | Swamp:4  | Noticed Bai Suzhen
 38439 | Swamp:4  | Reached skill level 1 in Axes
 38798 | Swamp:4  | Reached skill level 5 in Axes
 39136 | Swamp:4  | Got a decaying rune of Zot
 39287 | Snake:1  | Entered Level 1 of the Snake Pit
 39478 | Snake:1  | Gained mutation: You are completely covered in icy blue
                  | scales. (AC +4, rC+) [demonic ancestry]
 39478 | Snake:1  | Reached XP level 17. HP: 140/140 MP: 17/17
 40281 | Snake:1  | Found the +3 warlock's mirror {reflect}
 41332 | Snake:2  | Reached skill level 10 in Axes
 42399 | Snake:3  | Noticed Aizul
 42400 | Snake:3  | Noticed Mlioglotl
 42425 | Snake:3  | Killed Aizul
 42425 | Snake:3  | Killed Mlioglotl
 43154 | Snake:4  | Entered Level 4 of the Snake Pit
 43260 | Snake:4  | Gained mutation: Your presence sometimes corrodes those you
                  | injure. [demonic ancestry]
 43260 | Snake:4  | Reached XP level 18. HP: 70/147 MP: 18/18
 43394 | Snake:4  | Found a broken altar of Ashenzari.
 43928 | Snake:4  | HP: 6/147 [poisoned by a guardian serpent (bolt of poison)]
 43929 | Snake:4  | HP: 2/147 [poisoned by a guardian serpent (bolt of poison)]
 43934 | Snake:4  | HP: 6/147 [poisoned by a guardian serpent (bolt of poison)]
 44097 | Snake:4  | Noticed Saint Roka
 44176 | Snake:4  | Killed Saint Roka
 44312 | Snake:4  | Got a serpentine rune of Zot
 44777 | D:15     | Bought the +0 pair of boots of the Earth {Regen+ MP+9 Dex-2
                  | Stlth+} for 435 gold pieces
 44777 | D:15     | Bought a +1 helmet of see invisible for 247 gold pieces
 44844 | D:15     | Bought +0 gold dragon scales for 1200 gold pieces
 44976 | Vaults:1 | Entered Level 1 of the Vaults
 45387 | D:12     | Bought the ring "Gyicien" {rN+ Dex+6} for 633 gold pieces
 45623 | Vaults:1 | Reached skill level 15 in Axes
 46306 | Vaults:1 | Reached XP level 19. HP: 126/153 MP: 19/19
 46450 | Vaults:1 | Found Puuluot's Jewellery Shoppe.
 48071 | Vaults:2 | Found a staircase to the Crypt.
 48346 | Vaults:3 | Noticed Margery
 48427 | Vaults:3 | Killed Margery
 48618 | Vaults:3 | Found a magical portal.
 48774 | Vaults:3 | Reached skill level 15 in Armour
 48784 | Vaults:3 | Gained mutation: Your magical capacity is low. (-10% MP) [a
                  | shining eye]
 48923 | Vaults:3 | Reached XP level 20. HP: 52/160 MP: 18/18
 49426 | Vaults:3 | Noticed a golden dragon
 49436 | Vaults:3 | Killed a golden dragon
 49587 | Vaults:3 | Reached skill level 15 in Shields
 50316 | Vaults:4 | Cast into level 2 of the Abyss (a wizard)
 50706 | Abyss:2  | Noticed a dread lich
 50721 | Abyss:2  | Killed a dread lich
 50725 | Vaults:4 | Escaped the Abyss
 51001 | Vaults:4 | Found Pugupub's Jewellery Emporium.
 51156 | Vaults:5 | Entered Level 5 of the Vaults
 51426 | D:15     | Bought a polished war axe for 314 gold pieces
 51426 | D:15     | Identified the +4 war axe of Big Damage {vorpal, rC+ Will+
                  | Str-3} (You bought it in a shop on level 15 of the Dungeon)
 51586 | Orc:2    | Bought a potion of curing for 42 gold pieces
 51586 | Orc:2    | Bought a potion of curing for 42 gold pieces
 51586 | Orc:2    | Bought a potion of curing for 42 gold pieces
 51586 | Orc:2    | Bought a potion of curing for 42 gold pieces
 51586 | Orc:2    | Bought a potion of resistance for 140 gold pieces
 51825 | D:3      | Bought a scroll of immolation for 84 gold pieces
 51825 | D:3      | Bought a scroll of enchant armour for 180 gold pieces
 52063 | Orc:2    | Bought a potion of cancellation for 104 gold pieces
 52063 | Orc:2    | Bought a potion of haste for 130 gold pieces
 52063 | Orc:2    | Bought a potion of haste for 130 gold pieces
 52063 | Orc:2    | Bought a potion of flight for 39 gold pieces
 52275 | Depths:1 | Entered Level 1 of the Depths
 52298 | Depths:1 | Noticed Onnuy's ghost (veteran DsBe)
 52299 | Depths:1 | Noticed a caustic shrike
 52300 | Depths:1 | Noticed TZer0's ghost (adept MiBe)
 52301 | Depths:1 | Noticed a juggernaut
 52349 | Depths:1 | Found a transporter.
 52351 | Depths:1 | Found a transporter.
 52371 | Depths:1 | Found a one-way gate to the infinite horrors of the Abyss.
 52493 | Depths:1 | Found a broken altar of Ashenzari.
 52985 | Depths:1 | Gained mutation: Your presence sometimes corrodes or
                  | deforms those you injure. [demonic ancestry]
 52985 | Depths:1 | Reached XP level 21. HP: 166/166 MP: 18/18
 53084 | Depths:1 | Found a gateway to Hell.
 53592 | Depths:2 | Found a bloodstained altar of Trog.
 53592 | Depths:2 | Found an ornate altar of the Wu Jian Council.
 53593 | Depths:2 | Found a shadowy altar of Dithmenos.
 53730 | Depths:2 | Noticed a caustic shrike
 53834 | Depths:3 | Killed a caustic shrike
 53869 | Depths:2 | Identified the +8 flail "Laeryqisch" {spect, rC+ rN+ Str+2}
 53949 | Depths:2 | Paralysed by a great orb of eyes for 7 turns
 53958 | Depths:2 | Noticed a caustic shrike
 53971 | Depths:2 | Killed a caustic shrike
 53972 | Depths:2 | Paralysed by a great orb of eyes for 4 turns
 54006 | Depths:2 | Noticed a golden dragon
 54022 | Depths:2 | Killed a golden dragon
 54051 | Depths:2 | Got the Disquisition on Companions
 54055 | Depths:2 | Identified the +2 morningstar of the Many Priests {flame,
                  | *Corrode rF++ Dex+5}
 54192 | Depths:2 | Paralysed by a floating eye for 3 turns
 54383 | Depths:2 | You fall into a shaft and drop 2 floors!
 54493 | Depths:4 | Noticed a golden dragon
 54509 | Depths:4 | Killed a golden dragon
 54729 | Depths:4 | Paralysed by a great orb of eyes for 4 turns
 54996 | Depths:4 | Found a corrupted altar of Lugonu.
 55024 | Depths:4 | You fall into a shaft and drop 1 floor!
 55024 | Depths:5 | Entered Level 5 of the Depths
 55100 | Depths:4 | Noticed a juggernaut
 55119 | Depths:4 | Killed a juggernaut
 55120 | Depths:4 | Reached XP level 22. HP: 88/173 MP: 19/19
 55296 | Depths:3 | Identified the +10 shortbow "Sibex" {flame, rElec rCorr
                  | Dex+4}
 55668 | Depths:3 | Noticed Nikola
 55687 | Depths:3 | Killed Nikola
 55788 | Depths:3 | Found Beotir's Jewellery Shoppe.
 55788 | Depths:3 | Found Seicap's Book Shop.
 55789 | Depths:3 | Found Isepn's Jewellery Shoppe.
 55801 | Depths:3 | Bought a manual of Dodging for 1920 gold pieces
 55902 | Depths:3 | You fall into a shaft and drop 2 floors!
 56064 | Depths:5 | Reached skill level 15 in Dodging
 56277 | Depths:3 | Noticed Jory
 56294 | Depths:3 | Paralysed by a floating eye for 4 turns
 56297 | Depths:3 | Noticed a golden dragon
 56301 | Depths:3 | Killed Jory
 56306 | Depths:3 | Paralysed by a floating eye for 4 turns
 56489 | Depths:2 | Noticed a golden dragon
 56506 | Depths:2 | Killed a golden dragon
 56626 | Depths:2 | Paralysed by a vampire knight for 2 turns
 56688 | Depths:2 | Found a gateway to a ziggurat.
 57617 | Depths:5 | Found a gate to the Realm of Zot.
 57617 | Depths:5 | Noticed a golden dragon
 57638 | Depths:5 | Killed a golden dragon
 57733 | Depths:5 | Gained mutation: A meltable icy envelope protects you from
                  | harm. (AC +8) [demonic ancestry]
 57733 | Depths:5 | Reached XP level 23. HP: 171/179 MP: 20/20
 58147 | Depths:3 | Noticed a caustic shrike
 58170 | Depths:3 | Killed a caustic shrike
 58172 | Depths:3 | Paralysed by a floating eye for 2 turns
 58180 | Depths:3 | Paralysed by a floating eye for 3 turns
 58394 | Depths:3 | Got Sif Muna's Collected Works on Toxins
 59043 | Elf:1    | Entered Level 1 of the Elven Halls
 59169 | Elf:1    | Found Cuoc's Magic Scroll Emporium.
 59211 | Elf:1    | Bought a scroll of blinking for 127 gold pieces
 59211 | Elf:1    | Bought a scroll of immolation for 59 gold pieces
 59211 | Elf:1    | Bought 3 scrolls of enchant armour for 382 gold pieces
 59226 | Elf:1    | Found an ancient bone altar of Kikubaaqudgha.
 59327 | Elf:1    | Reached skill level 5 in Evocations
 60234 | Elf:2    | Found a runed translucent gate.
 60234 | Elf:2    | Found a runed translucent gate.
 60234 | Elf:2    | Found an iron altar of Okawaru.
 60234 | Elf:2    | Found a runed translucent gate.
 60234 | Elf:2    | Noticed FIQ's ghost (adept DjCj)
 60240 | Elf:2    | Found Heale's Weapon Shop.
 60488 | Elf:2    | Noticed Asterion
 60491 | Elf:2    | Found a runed translucent door.
 60508 | Elf:2    | Killed Asterion
 60522 | Elf:2    | Found a runed translucent door.
 60960 | Elf:2    | Killed FIQ's ghost
 61003 | Elf:2    | Identified the +1 robe of Moral Flaws {rC+ Dex+4}
 61004 | Elf:2    | Identified the +1 cloak "Sodizuh" {+Blink rN+ Will- Int+3}
 61166 | Elf:3    | Entered Level 3 of the Elven Halls
 61333 | Elf:3    | Identified the +1 robe "Bifiuck" {MP+9 Archmagi}
 61555 | Elf:3    | Reached skill level 10 in Evocations
 61845 | Elf:3    | Identified the ring "Ulidgh" {rPois AC+4 Str-2 Slay+5}
 61921 | Elf:3    | Gained mutation: A powerful demonic guardian rushes to your
                  | aid. [demonic ancestry]
 61921 | Elf:3    | Reached XP level 24. HP: 183/186 MP: 20/20
 61932 | Elf:3    | Identified the ring "Rijuz" {rPois MP+9}
 61933 | Elf:3    | Cast into level 3 of the Abyss (a deep elf demonologist)
 62339 | Elf:3    | Escaped the Abyss
 62414 | Elf:3    | Gained mutation: You do not regenerate when monsters are
                  | visible. [a cacodemon]
 62757 | Elf:3    | Found the amulet of Vitality {Regen+ HP+15}
 62763 | Elf:3    | Identified the ring "Cuthewal" {Wiz Will+ Str+2 Dex+2}
 62779 | Elf:3    | Identified the amulet "Saasur" {RegenMP Fly}
 63001 | Elf:1    | Bought a scroll of enchant weapon for 127 gold pieces
 63262 | D:15     | Lost mutation: You are dopey. (Int -2) [potion of mutation]
 63262 | D:15     | Lost mutation: Your magical capacity is low. (-10% MP)
                  | [potion of mutation]
 63262 | D:15     | Gained mutation: You possess an exceptional clarity of
                  | mind. [potion of mutation]
 63262 | D:15     | Lost mutation: You possess an exceptional clarity of mind.
                  | [potion of mutation]
 63262 | D:15     | Gained mutation: You are somewhat resistant to further
                  | mutation. [potion of mutation]
 63263 | D:15     | Lost mutation: You are somewhat resistant to further
                  | mutation. [potion of mutation]
 63263 | D:15     | Gained mutation: You sometimes lose the ability to read
                  | scrolls when taking damage. [potion of mutation]
 63263 | D:15     | Gained mutation: Armour fits poorly on your strangely
                  | shaped body. [potion of mutation]
 63263 | D:15     | Gained mutation: You are robust. (+10% HP) [potion of
                  | mutation]
 63269 | D:15     | Lost mutation: You sometimes lose the ability to read
                  | scrolls when taking damage. [potion of mutation]
 63269 | D:15     | Lost mutation: Armour fits poorly on your strangely shaped
                  | body. [potion of mutation]
 63269 | D:15     | Lost mutation: You are robust. (+10% HP) [potion of
                  | mutation]
 63269 | D:15     | Lost mutation: You do not regenerate when monsters are
                  | visible. [potion of mutation]
 63466 | Crypt:1  | Entered Level 1 of the Crypt
 64581 | Crypt:3  | Entered Level 3 of the Crypt
 64581 | Crypt:3  | Found a staircase to the Tomb.
 65544 | Crypt:3  | Reached XP level 25. HP: 192/192 MP: 15/23
 65815 | Crypt:3  | Noticed Xtahua
 65824 | Crypt:3  | Killed Xtahua
 66035 | Crypt:3  | Identified the ring "Janitz" {*Corrode rN+ Will+ Int+4}
 66035 | Crypt:3  | Identified the amulet of Suisuesma {Regen+ Int+2 Stlth+}
 66104 | Crypt:3  | Identified the ring of the Prince {rF+ Int+2 Slay+4}
 66177 | Crypt:3  | Noticed a royal mummy
 66185 | Crypt:3  | Identified the ring of Liberty {rElec rN+ SInv}
 66250 | Crypt:3  | Killed a royal mummy
 66556 | Crypt:3  | Identified the +1 ring mail "Buqaaf" {Harm rF+ rN+}
 66559 | Crypt:3  | Identified the +4 chain mail of Ubby {Int+2}
 66561 | Crypt:3  | Got the Reference Book on Freezing Displacement
 67310 | Vaults:5 | Noticed an ancient lich
 67317 | Vaults:5 | Noticed an ancient lich
 67494 | Vaults:4 | Killed an ancient lich
 67969 | Vaults:5 | Noticed a dread lich
 68024 | Vaults:5 | Paralysed by a sphinx for 5 turns
 68035 | Vaults:5 | Noticed an ancient lich
 68046 | Vaults:5 | Identified the +8 rapier "Xajumm" {pain, rC++ rN+}
 68088 | Vaults:5 | Noticed an ancient lich
 68090 | Vaults:5 | Killed from afar by an ancient lich

Illustrated notes

Levels and vault maps discovered:
D:1:      minmay_arrival_doors, layout_basic,
          dreamdust_ecumenical_altar_angels_and_demons
D:2:      layout_rooms
D:3:      layout_rooms, serial_shops, shop_statue
D:4:      layout_rooms, zin_treasury, gammafunk_temple_overflow_statue,
          nicolae_ru_great_annihilating_truth, ebering_ghost_sewer_f, uniq_robin
D:5:      layout_rooms, hangedman_decor_diamond_cutter, st_stairs_13,
          nrook_uturn, chequers_serial_rivers_large_b
D:6:      layout_cave_pools, nicolae_hepliaklqana_hazy_memory,
          minmay_temple_entry_butterflies
D:7:      layout_rooms
D:8:      layout_gridville, grunt_decor_arrowhead,
          minmay_fractal_squares_gapless_5, uniq_gastronok
D:9:      layout_irregular_city, grunt_lair_entry_orc_guard_hut
D:10:     layout_cave_pods, minivault_21, minmay_misc_feat_x, jiyva_altar_1,
          uniq_sonja, uniq_snorg
D:11:     gammafunk_wand_slinger, layout_gridville, small_chamber_with_monster
D:12:     gammafunk_mikee_crab_dinner, layout_irregular_city,
          kennysheep_orc_monster_closet_entryway, drop_trap
D:13:     layout_irregular_city, david_vaults_5, uniq_frances
D:14:     layout_grid_maze, kennysheep_donut, hangedman_decor_peaks_small,
          kennysheep_generic_room_11
D:15:     hangedman_depths_entry_try_elsewhere_first, layout_cave_pools,
          serial_glass, glass_columns_b, glass_columns_c, serial_bayou_ford_a,
          uniq_louise
Temple:   minmay_crystal_spiral_temple
Lair:1:   layout_hall_layers
Lair:2:   layout_gridlike, enter_volcano_3
Lair:3:   beast_lair_carwin_large_4, layout_chaotic_city,
          portal_ice_cave_entry_pillars_1, grunt_forest_stairs_clearing
Lair:4:   layout_cave_pods, swamp_mist_pool, guppyfry_snake_entry_island,
          lemuel_old_faithful, uniq_rupert
Lair:5:   layout_concentric_octagons, lemuel_fruit_tree
Lair:6:   gammafunk_lair_ancient_temple, layout_gridlike,
          minmay_slime_entry_pillars, gammafunk_ghost_cemetery,
          grunt_forest_large_clearing_hut, uniq_nessos
Swamp:1:  layout_basic_swamp, hangedman_swamp_diagram
Swamp:2:  layout_basic_swamp, evilmike_swamp_ruin_house_3, swamp_pool5,
          infiniplex_staircase_pool_2
Swamp:3:  layout_basic_swamp, evilmike_swamp_ruin_house_2
Swamp:4:  swamp, layout_basic_swamp, uniq_bai_suzhen
Snake:1:  kennysheep_snake, layout_basic, grunt_megastairs_1
Snake:2:  layout_chambers
Snake:3:  layout_rooms, fake_guardian_serpent_vault, uniq_aizul, uniq_mlioglotl
Snake:4:  grunt_snake_rune_spirals, layout_concentric_octagons,
          ebering_ghost_rock_garden, basic_altar, uniq_saint_roka
Orc:1:    layout_diamond_mine, guppyfry_orc_lava_fort
Orc:2:    pf_orc_diabolical, layout_caves, nicolae_shop_self_help
Elf:1:    minmay_elf_arrival_summoners, layout_loops_corners, serial_sigils,
          serial_sigils_hangedman_gnaw, serial_sigils_hangedman_quiver,
          serial_sigils_hangedman_gut, serial_sigils_hangedman_clutch,
          serial_sigils_hangedman_writhe, serial_sigils_hangedman_quiver,
          serial_shops, shop, basic_altar
Elf:2:    nicolae_elf_blades_splatter_lattice
          [nicolae_blade_entry_splitting_headache], layout_loops_corners,
          serial_shops, shop, gammafunk_ghost_fury_of_okawaru, uniq_asterion
Elf:3:    minmay_elf_hall_furrowed, layout_geoelf_octagon, fountainhead,
          corexii_leaking_fountain, item_on_display_a
Vaults:1: v_misc_28, nicolae_vaults_network_barrier, vaults_mumra_chevron_long,
          nicolae_vaults_inception_statues, v_misc_9, hangedman_vaults_slice,
          ontoclasm_vaults_fault, hangedman_vaults_maws, v_pattern_1,
          nicolae_vaults_little_squares_4, v_alt_pattern_1,
          ontoclasm_vaults_gateway, vaults_dpeg_encased_lava,
          layout_vaults_omnicross, serial_shops, nicolae_shop_behind_doors
Vaults:2: grunt_vaults_hallway_short, blue_anna_dwarven_crypt, v_misc_3,
          nicolae_vaults_network_square, nicolae_vaults_little_squares_3,
          vaults_room_hangedman_quadrants, nicolae_vaults_specimen_jars,
          v_misc_10, vaults_dpeg_hooks, dpeg_vaults_monster_box,
          layout_vaults_quadrants
Vaults:3: vaults_mumra_minichess_inversion, nicolae_vaults_rhombus_6,
          nicolae_vaults_circle_grid_b, nicolae_vaults_back_hallway,
          nicolae_vaults_mini_display_case, ontoclasm_vaults_shout,
          nicolae_vaults_diagonal_hallway_8, v_misc_19, v_misc_31, v_misc_19,
          layout_vaults_maze, mu_enter_wizlab_3, uniq_margery
Vaults:4: vaults_room_large_hall, hangedman_vaults_nodes, v_misc_30, v_rooms_3,
          grunt_vaults_funnel, ontoclasm_vaults_misaligned,
          nicolae_vaults_little_ls, v_misc_29, st_hourglassy, vaults_dpeg_cross,
          layout_vaults_ring, serial_shops,
          nicolae_shop_temple_entry_statues_fountains
Vaults:5
Crypt:1:  layout_rooms
Crypt:2:  layout_misc_corridors, grunt_ministairs_8
Crypt:3:  due_elkab, layout_chaotic_city, uniq_xtahua
Depths:1: layout_gridlike, rand_demon_pan_entry_5, minmay_misc_feat_diagonals,
          nzn_ghost_randoct, hangedman_geh_valley, abyss_entry,
          evilmike_ruin_ashenzari
Depths:2: hangedman_slaughterboxes, hell_entry, serial_shops
Depths:3: evilmike_hourglass, layout_cave_pools, hell_entry, pan_entry,
          bh_walls_and_bars, infiniplex_staircase_hallway_doors,
          grunt_megastairs_5, minmay_shop_grove, uniq_nikola, uniq_jory
Depths:4: hangedman_arrow_trap, layout_basic, chequers_serial_rivers_micro_a,
          serial_curves, eino_curves_04, eino_curves_03, hell_entry,
          abyss_entry_flame_altar
Depths:5: grunt_zot_entry_funnels, layout_cave_pools, hangedman_coc_ice_floe

Skill      XL: |  1  2  3  4  5  6  7  8  9 10 11 12 13 14 15 16 17 18 19 20 21 22 23 24 25 |
---------------+----------------------------------------------------------------------------+-----
Fighting       | 2 3 4 5 6 7 9 10 11 12 13 14 | 14.5
Dodging        | 2 3 4 5 7 8 9 10 11 12 13 18 19 20 | 20.3
Armour         | 1 2 3 4 5 6 8 9 10 11 12 13 15 16 17 18 19 20 | 20.1
Shields        | 1 3 5 6 8 9 10 11 12 13 14 15 17 18 19 | 19.9
Slings         | 12 | 12.1
Axes           | 6 12 15 16 17 18 | 18.0
Evocations     | 10 | 10.0
Long Blades    | |  2.6
Throwing       | |  1.0
Necromancy     | |  1.1
Fire Magic     | |  1.7

Action                   |  1- 3 |  4- 6 |  7- 9 | 10-12 | 13-15 | 16-18 | 19-21 | 22-24 | 25-27 || total
-------------------------+-------+-------+-------+-------+-------+-------+-------+-------+-------++-------
Melee: Falchion          |    99 |   257 |   275 |       |       |       |       |       |       ||   631
       Dagger            |       |       |     6 |       |       |       |       |       |       ||     6
       Flail             |       |       |     7 |   638 |  1381 |   337 |    32 |       |       ||  2395
       Broad axe         |       |       |       |    18 |    98 |  1189 |  1347 |  1835 |   263 ||  4750
       War axe           |       |       |       |       |    88 |    97 |    18 |       |       ||   203
 Fire: Hunting sling     |       |       |       |    10 |    11 |    77 |       |       |       ||    98
Throw: Dart              |       |       |    33 |    19 |    94 |    23 |       |       |       ||   169
       Boomerang         |       |       |       |       |       |     1 |     4 |    18 |     5 ||    28
Invok: Call Merchant     |       |       |       |     1 |     1 |     4 |     1 |     3 |       ||    10
Evoke: Wand              |       |       |     3 |     8 |    24 |    17 |     2 |     9 |       ||    63
       Phial of floods   |       |       |       |     2 |     3 |       |     2 |     1 |       ||     8
       Tin of tremorston |       |       |       |       |       |       |     2 |       |       ||     2
       Condenser vane    |       |       |       |       |       |       |       |     1 |     1 ||     2
       Box of beasts     |       |       |       |       |       |       |       |     1 |       ||     1
       Phantom mirror    |       |       |       |       |       |       |       |     1 |       ||     1
  Use: Scroll            |     5 |     6 |     5 |     9 |    14 |    18 |     7 |    10 |     8 ||    82
       Potion            |       |       |     3 |     4 |     3 |    14 |     3 |     6 |     6 ||    39
 Stab: Sleeping          |     2 |       |       |       |       |    10 |       |       |       ||    12
       Paralysed         |       |     2 |     6 |    13 |       |       |       |       |       ||    21
       Distracted        |       |       |     2 |     2 |    13 |    20 |    22 |    28 |     4 ||    91
       Confused          |       |       |       |       |       |     2 |       |       |       ||     2
       Invisible         |       |       |       |       |       |     9 |       |     9 |       ||    18
Armor: Robe              |     8 |       |       |       |       |       |       |       |       ||     8
       Ring mail         |    29 |   103 |    80 |    88 |       |       |       |       |       ||   300
       Scale mail        |       |       |       |    64 |   242 |       |       |       |       ||   306
       Chain mail        |       |       |       |       |   594 |   143 |       |       |       ||   737
       Leather armour    |       |       |       |       |       |   254 |       |       |       ||   254
       Gold dragon scale |       |       |       |       |       |    92 |   513 |   618 |   205 ||  1428
Dodge: Dodged            |    57 |   126 |   104 |   351 |  1073 |  1066 |   226 |   249 |    69 ||  3321
Block: Other             |    20 |    98 |     5 |       |       |       |       |       |       ||   123
       Reflection        |       |     1 |     5 |    32 |    52 |    50 |    47 |    93 |    23 ||   303
       Kite shield       |       |       |   313 |   871 |    91 |       |       |       |       ||  1275
       Tower shield      |       |       |       |       |  3332 |  3167 |  2033 |  2442 |   475 || 11449

Table legend: (Time is in decaauts)
 A = Elapsed time spent in this place.
 B = Non-inter-level travel time spent in this place.
 C = Inter-level travel time spent in this place.
 D = Time resting spent in this place.
 E = Time spent auto-exploring this place.
 F = Levels seen in this place.
 G = Mean time per level.
                   A        B        C        D        E       F      G
               +--------+--------+--------+--------+--------+-----+--------+
         Total |  70684 |  64577 |   6107 |  14973 |  26153 |  51 | 1386.0 |
       Dungeon |  25150 |  21787 |   3363 |   6584 |   9590 |  15 | 1676.7 |
        Temple |    173 |    103 |     70 |      0 |     84 |   1 |  173.0 |
          Lair |   8272 |   7720 |    552 |   1200 |   4010 |   6 | 1378.7 |
         Swamp |   4776 |   4678 |     98 |   1970 |    317 |   4 | 1194.0 |
     Snake Pit |   5540 |   5259 |    281 |    242 |   2339 |   4 | 1385.0 |
  Orcish Mines |   5848 |   5551 |    297 |   2605 |   1090 |   2 | 2924.0 |
   Elven Halls |   3494 |   3286 |    208 |    152 |   2020 |   3 | 1164.7 |
        Vaults |   6823 |   6275 |    548 |    976 |   3021 |   5 | 1364.6 |
         Crypt |   3371 |   3272 |     99 |    519 |   1014 |   3 | 1123.7 |
        Depths |   6428 |   5841 |    587 |    673 |   2655 |   5 | 1285.6 |
         Abyss |    802 |    802 |      0 |     49 |     10 |   3 |  267.3 |
               +--------+--------+--------+--------+--------+-----+--------+

Top non-repeatable levels by time:
   Orc:2: 4527 daAuts
    D:12: 4485 daAuts
    D:13: 2625 daAuts
    D:14: 2421 daAuts
    D:15: 2275 daAuts
 Crypt:3: 2157 daAuts
 Snake:1: 2006 daAuts
Depths:2: 1938 daAuts
Vaults:4: 1854 daAuts
Vaults:1: 1815 daAuts
 Swamp:3: 1699 daAuts
Vaults:2: 1697 daAuts
    D:10: 1628 daAuts
  Lair:6: 1624 daAuts
  Lair:3: 1521 daAuts
